 Dungeon Crawl Stone Soup version 0.29.1-2-gbd0b4ee654 (webtiles) character file.

Game seed: 5095915809772747009

15080 safid the Marksminotaur (level 11, -8/94 HPs)
             Began as a Minotaur Hunter on Nov 14, 2022.
             Was a High Priest of Okawaru.
             Mangled by a daeva
             ... wielding a +3 long sword of holy wrath
              (16 damage)
             ... on level 5 of the Abyss on Nov 15, 2022.
             The game lasted 00:40:56 (12384 turns).

safid the Marksminotaur (Minotaur Hunter)          Turns: 12384, Time: 00:40:57

Health: -8/94      AC: 17    Str: 17    XL:     11   Next: 97%
Magic:  14/14      EV: 15    Int: -2 (1) God:    Okawaru [*****.]
Gold:   107        SH:  0    Dex: 20    Spells: 10/10 levels left

rFire   . . .      SeeInvis .   D - +0 arbalest
rCold   + + .      Faith    .   (shield currently unavailable)
rNeg    . . .      Spirit   .   z - +3 ring mail {rC+}
rPois   .          Reflect  .   (helmet unavailable)
rElec   +          Harm     .   m - +1 cloak
rCorr   .          Rampage  .   (no gloves)
Will    +....                   y - +0 pair of boots
Stlth   +.........              s - amulet of regeneration
HPRegen 1.05/turn               J - ring of Autotheism {rElec Will+ Int-5 Dex+5 Stlth+}
MPRegen 0.14/turn               v - +4 ring of protection

@: slowed, lost intelligence, glowing, unable to read, unable to drink, very
slow
A: horns 3, retaliatory headbutt, clumsy 1, cold resistance 1, [inability to
drink after injury 2]
a: Renounce Religion, Heroism, Finesse, Duel


You were on level 5 of the Abyss.
You worshipped Okawaru.
Okawaru was extremely pleased with you.
You visited 2 branches of the dungeon, and saw 11 of its levels.
You visited the Abyss 1 time.
You also visited: Sewer, Ossuary and Bailey.

You collected 700 gold pieces.
You spent 593 gold pieces at shops.

Inventory:

Hand Weapons
 B - a +2 shortbow of flaming
 D - a +0 arbalest (weapon)
Missiles
 t - 3 javelins
 H - 2 throwing nets
Armour
 a - a +2 hat
 m - a +1 cloak (worn)
 y - a +0 pair of boots (worn)
 z - a +3 ring mail of cold resistance (worn)
Jewellery
 e - an amulet of reflection
 p - a ring of resist corrosion
 s - an amulet of regeneration (around neck)
 v - a +4 ring of protection (right hand)
 J - the ring of Autotheism (left hand) {rElec Will+ Int-5 Dex+5 Stlth+}
   (You bought it in a shop on level 2 of the Dungeon)

   [ring of willpower]

   Int:       It affects your intelligence (-5).
   Dex:       It affects your dexterity (+5).
   rElec:     It insulates you from electricity.
   Will:      It increases your willpower.
   Stlth:     It makes you more stealthy.
 K - a ring of protection from fire
Wands
 i - a wand of flame (44)
 u - a wand of polymorph (21)
Scrolls
 b - 2 scrolls of blinking
 f - 4 scrolls of enchant armour
 o - a scroll of enchant weapon
 x - a scroll of magic mapping
 C - 3 scrolls of fear
 F - a scroll of silence
 G - 2 scrolls of noise {unknown}
 L - a scroll of poison {unknown}
 M - a scroll of amnesia {unknown}
Potions
 c - 4 potions of mutation
 d - 2 potions of magic {unknown}
 g - 3 potions of degeneration {unknown}
 h - 5 potions of curing
 j - a potion of resistance {unknown}
 k - a potion of flight {unknown}
 l - 5 potions of attraction {unknown}
 n - 4 potions of ambrosia {unknown}
 q - 3 potions of cancellation {unknown}
 r - 3 potions of haste
 A - 3 potions of invisibility {unknown}
 E - 2 potions of lignification {unknown}
 I - a potion of heal wounds
 N - a potion of brilliance {unknown}


   Skills:
 - Level 8.0 Fighting
 + Level 17.0 Ranged Weapons
 + Level 6.9 Armour
 + Level 6.8 Dodging
 - Level 0.7 Stealth
 + Level 5.7 Invocations


You had 10 spell levels left.
You didn't know any spells.
Your spell library contained the following spells:

 Spells                   Type           Power      Damage    Failure   Level
 Ensorcelled Hibernation  Hex/Ice        0%         N/A       88%         2
 Passwall                 Tmut/Erth      0%         N/A       88%         2
 Sublimation of Blood     Necr           0%         N/A       88%         2
 Wereblood                Tmut           0%         N/A       88%         2
 Conjure Flame            Conj/Fire      0%         6-21      98%         3
 Ignite Poison            Fire/Tmut/Pois 0%         N/A       98%         3
 Swiftness                Air            0%         N/A       98%         3
 Leda's Liquefaction      Hex/Erth       0%         N/A       100%        4
 Olgreb's Toxic Radiance  Pois           0%         N/A       100%        4
 Sticky Flame             Conj/Fire      0%         2d3       100%        4
 Lee's Rapid Deconstruct  Erth           0%         3d5*      100%        5
 Statue Form              Tmut/Erth      0%         N/A       100%        6
 Ozocubu's Refrigeration  Ice            0%         4d7       100%        7
 Ignition                 Fire           0%         3d3       100%        8
 Summon Small Mammal      Summ           Unusable   N/A       N/A         1
 Call Canine Familiar     Summ           Unusable   N/A       N/A         3
 Summon Guardian Golem    Hex/Summ       Unusable   N/A       N/A         3
 Summon Hydra             Summ           Unusable   N/A       N/A         7

Dungeon Overview and Level Annotations

Branches:
Dungeon (10/15)            Temple (1/1) D:5            Lair (0/5) D:9
    Orc (0/2) D:10          Sewer (visited)         Ossuary (visited)
 Bailey (visited)

Altars:
Ashenzari
Cheibriados
Dithmenos
Elyvilon
Fedhas
Gozag
Hepliaklqana
Kikubaaqudgha
Makhleb
Nemelex Xobeh
Okawaru
Qazlal
Ru
Sif Muna
Trog
Uskayaw
Vehumet
Wu Jian
Xom
Yredelemnul
Zin
The Shining One

Shops:
D:2 =?*=   D:5 =

Annotations:
D:8 2 transporters, qeuew's ghost, novice MiFi
D:10 3 runed translucent doors, Erolcha; xian's ghost, journeyman MiFi


Innate Abilities, Weirdness & Mutations

You have a pair of large horns on your head.
You reflexively headbutt those who attack you in melee.
You are clumsy. (Dex -2)
Your flesh is cold resistant. (rC+)
[You sometimes lose the ability to drink potions when taking damage.]


Message History

Okawaru accepts your kill.
Fire: D) +0 arbalest
Press: ? - help, Q - select action, (/) - cycle Shift-Dir - straight line, f - large abomination
Aim: a large abomination (81% to hit)
You shoot a bolt.
The bolt hits the large abomination but does no damage.
The large abomination barely misses you.
Fire: D) +0 arbalest
Press: ? - help, Q - select action, (/) - cycle Shift-Dir - straight line, f/p - large abomination
Aim: a large abomination (81% to hit)
You shoot a bolt. The bolt hits the large abomination!!
The large abomination is heavily damaged.
The large abomination hits you!
You feel threatened and lose the ability to drink potions!
The large abomination hits you.
Fire: D) +0 arbalest
Press: ? - help, Q - select action, (/) - cycle Shift-Dir - straight line, f/p - large abomination
Aim: a large abomination (heavily damaged, 81% to hit)
You shoot a bolt. The bolt hits the large abomination!!
You destroy the large abomination!
Okawaru accepts your kill.
You are suddenly pulled into a different region of the Abyss!
The abyss shimmers again as the detected abyssal rune vanishes from your memory and reappears.
You cannot drink potions in your current state!
A daeva comes into view.
It is wielding a +3 long sword of holy wrath.
The daeva calls down the wrath of the Shining One upon you.
The Shining One smites you!
* * * LOW HITPOINT WARNING * * *
The daeva calls down the wrath of the Shining One upon you.
The Shining One smites you!
* * * LOW HITPOINT WARNING * * *
Press: ? - help, v - describe, . - travel A crystal wall.
This square is lit by a halo.
Unknown command.
The daeva calls down the wrath of the Shining One upon you.
The Shining One smites you!
* * * LOW HITPOINT WARNING * * *
The daeva hits you with a +3 long sword of holy wrath!
You die...

.. ... ....
###....#
..'....'.
###+#.'....##
#..@...#.....
#...A.......
#........#..#
###..........
###.##.###
#.# .. #.# #
###.# #...#


You could see a daeva.

Vanquished Creatures
  Snorg (D:10)
  Josephine (D:10)
  A hydra (D:8)
  A rakshasa (D:10)
  3 death yaks (D:9)
  Urug (D:10)
  Prince Ribbit (D:6)
  Grinder (Sewer)
  A large abomination (Abyss:5)
  5 wraiths
  3 wyverns
  A neqoxec (Abyss:5)
  A ynoxinul (Abyss:5)
  10 yaks (D:9)
  Edmund (D:6)
  A small abomination (Abyss:2)
  4 ice beasts
  8 orc warriors
  3 sky beasts
  A black bear (D:5)
  6 wolves (Bailey)
  An ogre (D:5)
  3 centaurs
  2 phantoms
  4 kobold brigands
  8 gnoll sergeants (Bailey)
  3 necrophages
  3 scorpions
  12 wights
  16 killer bees
  An oklob sapling (D:5)
  2 howler monkeys
  2 electric eels (D:10)
  4 hounds
  9 gnoll boudas
  7 orc priests
  Jessica (D:2)
  4 iguanas
  13 orc wizards
  A hell rat (D:9)
  A mummy (Ossuary)
  19 gnolls
  3 adders
  A river rat (D:9)
  4 shadow imps
  A white imp (D:6)
  3 ufetubi
  2 worms (D:5)
  3 dart slugs (D:1)
  59 orcs
  2 spectral bats (Ossuary)
  A bat zombie (Sewer)
  6 endoplasms
  7 giant cockroaches
  12 gnoll zombies (Ossuary)
  11 goblins
  2 hobgoblins (D:1)
  A quokka (D:2)
  8 ball pythons
  6 bats
  3 bat simulacra (Ossuary)
  3 frilled lizards
  3 goblin simulacra (Ossuary)
  5 goblin zombies (Ossuary)
  6 hobgoblin zombies (Ossuary)
  40 kobolds
  2 kobold simulacra (Ossuary)
  5 kobold zombies
  4 orc zombies (Ossuary)
  5 rats
  A rat simulacrum (Ossuary)
  3 spectral goblins (Ossuary)
  3 spectral kobolds (Ossuary)
  4 spectral rats (Ossuary)
390 creatures vanquished.

Vanquished Creatures (others)
  15 plants (D:5)
15 creatures vanquished.

Grand Total: 405 creatures vanquished

Notes
Turn   | Place    | Note
-------+----------+-------------------------------------------
     0 | D:1      | safid the Minotaur Hunter began the quest for the Orb.
     0 | D:1      | Reached XP level 1. HP: 18/18 MP: 0/0
   294 | D:1      | Reached XP level 2. HP: 25/25 MP: 1/1
   511 | D:1      | Reached skill level 5 in Ranged Weapons
   511 | D:1      | Reached XP level 3. HP: 31/31 MP: 2/2
  1092 | D:2      | Found Kaxoy's General Store.
  1131 | D:2      | Found Kiduem's Magic Scroll Shoppe.
  1156 | D:2      | Found Lisy's Magic Scroll Shoppe.
  1172 | D:2      | Noticed Jessica
  1178 | D:2      | Killed Jessica
  1179 | D:2      | Reached XP level 4. HP: 15/40 MP: 3/3
  1488 | D:2      | Found Qumuiwe's Jewellery Emporium.
  1545 | D:2      | Bought a scroll of identify for 26 gold pieces
  1711 | D:2      | Found Ifasines's Jewellery Emporium.
  1734 | D:2      | Found a faded altar of an unknown god.
  2256 | D:3      | Reached XP level 5. HP: 23/47 MP: 4/4
  2701 | D:4      | Reached skill level 5 in Fighting
  2701 | D:4      | Reached skill level 6 in Ranged Weapons
  3100 | D:4      | Reached XP level 6. HP: 57/57 MP: 5/5
  3928 | D:5      | Entered Level 5 of the Dungeon
  3930 | D:5      | Noticed an ice beast
  3950 | D:5      | Killed an ice beast
  3972 | D:5      | Reached skill level 7 in Ranged Weapons
  3978 | D:5      | Reached XP level 7. HP: 47/64 MP: 6/6
  3978 | D:5      | Found Alualehi's Jewellery Shop.
  4134 | D:5      | Reached skill level 8 in Ranged Weapons
  4358 | D:5      | Reached XP level 8. HP: 44/74 MP: 7/7
  4414 | D:5      | Found a staircase to the Ecumenical Temple.
  4491 | D:5      | Found a glowing drain.
  4509 | Sewer    | Entered a sewer
  4630 | Sewer    | Noticed Grinder
  4664 | Sewer    | Reached skill level 9 in Ranged Weapons
  4665 | Sewer    | Paralysed by Grinder for 4 turns
  4680 | Sewer    | Found an ancient bone altar of Kikubaaqudgha.
  4689 | Sewer    | Killed Grinder
  4989 | Sewer    | Reached skill level 10 in Ranged Weapons
  5395 | Temple   | Entered the Ecumenical Temple
  5653 | Temple   | Became a worshipper of Warmaster Okawaru
  5877 | D:2      | Bought a scroll of blinking for 97 gold pieces
  5877 | D:2      | Bought a scroll of identify for 26 gold pieces
  5877 | D:2      | Bought a scroll of identify for 26 gold pieces
  6054 | D:6      | Found a white marble altar of Elyvilon.
  6213 | D:6      | Reached skill level 11 in Ranged Weapons
  6356 | D:6      | Reached XP level 9. HP: 75/81 MP: 8/8
  6423 | D:6      | Noticed Edmund
  6441 | D:6      | Killed Edmund
  6884 | D:6      | Noticed Prince Ribbit
  6888 | D:6      | Killed Prince Ribbit
  6888 | D:6      | Reached * piety under Okawaru
  6889 | D:6      | Reached skill level 12 in Ranged Weapons
  7439 | D:7      | Reached skill level 13 in Ranged Weapons
  7699 | D:7      | Reached ** piety under Okawaru
  7766 | D:7      | Reached skill level 14 in Ranged Weapons
  8191 | D:8      | Found a sand-covered staircase.
  8196 | Ossuary  | Entered an ossuary
  8333 | Ossuary  | Reached XP level 10. HP: 88/88 MP: 9/9
  8495 | D:8      | Found a flagged portal.
  8506 | Bailey   | Entered a bailey
  8598 | Bailey   | Reached *** piety under Okawaru
  8706 | Bailey   | Reached skill level 15 in Ranged Weapons
  9562 | D:8      | Found a snail-covered altar of Cheibriados.
  9584 | D:8      | Reached **** piety under Okawaru
  9654 | D:8      | Noticed qeuew's ghost (novice MiFi)
  9663 | D:8      | Found a transporter.
  9866 | D:8      | Noticed an eight-headed hydra
  9874 | D:8      | Killed an eight-headed hydra
  9875 | D:8      | Reached skill level 16 in Ranged Weapons
  9875 | D:8      | Reached skill level 1 in Armour
  9875 | D:8      | Reached skill level 1 in Invocations
 10048 | D:8      | Found a transporter.
 10396 | D:2      | Bought the ring of Autotheism {rElec Will+ Int-5 Dex+5
                  | Stlth+} for 418 gold pieces
 10570 | D:9      | Found a staircase to the Lair.
 10571 | D:9      | Noticed a death yak
 10571 | D:9      | Noticed a death yak
 10580 | D:9      | Killed a death yak
 10580 | D:9      | Reached ***** piety under Okawaru
 10590 | D:9      | Killed a death yak
 10591 | D:9      | Reached XP level 11. HP: 39/94 MP: 6/12
 10598 | D:9      | Noticed a death yak
 10702 | D:9      | Found a broken altar of Ashenzari.
 10821 | D:9      | Killed a death yak
 10822 | D:9      | Reached skill level 5 in Dodging
 10832 | D:9      | Reached skill level 5 in Armour
 10872 | D:9      | Found the +8 trident of the Octopus King {venom, rElec
                  | rPois}
 10889 | D:9      | Found a burning altar of Makhleb.
 11123 | D:10     | Entered Level 10 of the Dungeon
 11139 | D:10     | Noticed xian's ghost (journeyman MiFi)
 11150 | D:10     | Found a runed translucent gate.
 11150 | D:10     | Found a runed translucent gate.
 11150 | D:10     | Found a runed translucent gate.
 11258 | D:10     | Identified the +6 falchion of Sifaampu {drain, Str+2}
 11278 | D:10     | Noticed a rakshasa
 11302 | D:10     | Killed a rakshasa
 11598 | D:10     | Noticed Snorg
 11609 | D:10     | Killed Snorg
 11609 | D:10     | Received a gift from Okawaru
 11633 | D:10     | Reached skill level 5 in Invocations
 11660 | D:10     | Found a staircase to the Orcish Mines.
 11808 | D:10     | Noticed Josephine
 11814 | D:10     | Killed Josephine
 11814 | D:10     | Reached ****** piety under Okawaru
 11829 | D:10     | Reached skill level 17 in Ranged Weapons
 11846 | D:10     | Noticed Urug
 11850 | D:10     | Killed Urug
 11850 | D:10     | Noticed Erolcha
 11860 | Abyss:2  | Cast into level 2 of the Abyss (Erolcha)
 11963 | Abyss:2  | Noticed a thrashing horror
 11963 | Abyss:2  | Noticed a thrashing horror
 11995 | Abyss:3  | Found a corrupted altar of Lugonu.
 12010 | Abyss:3  | Noticed a wretched star
 12055 | Abyss:3  | Noticed a large abomination
 12095 | Abyss:3  | Noticed a rakshasa
 12120 | Abyss:3  | Noticed a thrashing horror
 12122 | Abyss:3  | Noticed a thrashing horror
 12149 | Abyss:3  | Noticed a thrashing horror
 12153 | Abyss:3  | Noticed a large abomination
 12196 | Abyss:3  | Noticed a large abomination
 12240 | Abyss:3  | Noticed a bone dragon
 12267 | Abyss:4  | Noticed a red draconian scorcher
 12288 | Abyss:5  | Noticed a quicksilver dragon
 12294 | Abyss:5  | Noticed a tentacled starspawn
 12332 | Abyss:5  | Gained mutation: You have a pair of large horns on your
                  | head. [a neqoxec]
 12335 | Abyss:5  | Lost intelligence.
 12338 | Abyss:5  | Gained mutation: Your flesh is cold resistant. (rC+) [a
                  | neqoxec]
 12350 | Abyss:5  | Noticed a green death
 12361 | Abyss:5  | Noticed a starcursed mass
 12372 | Abyss:5  | Gained mutation: You are clumsy. (Dex -2) [a neqoxec]
 12379 | Abyss:5  | Noticed a daeva
 12384 | Abyss:5  | Mangled by a daeva

Illustrated notes

Levels and vault maps discovered:
D:1:      minmay_arrival_split_and_join, layout_loops_ring
D:2:      layout_loops_cross, shapermc_ecumenical_altar_notcrosses,
          serial_shops, nicolae_lakefront_shop, shop_fountains,
          nicolae_shop_hallway_plus, shop_fountains, shop_statue, uniq_jessica
D:3:      layout_rooms, grunt_ministairs_4, hangedman_decor_points
D:4:      layout_basic
D:5:      layout_loops_ring, minmay_temple_entry_oklob, serial_shops,
          nicolae_stop_n_shop_2, cheibrodos_sewer_entry_bend
D:6:      layout_basic, elyvilon_altar_3, uniq_prince_ribbit1, uniq_edmund
D:7:      layout_loops_cross
D:8:      layout_basic, mainiacjoe_overflow_alcove_4, enter_bailey_3,
          nicolae_ossuary_entry_false_entrances, gammafunk_ghost_arena
D:9:      layout_basic, mainiacjoe_overflow_six_doors_small,
          mainiacjoe_overflow_alcove_2, dpeg_lair_monsters
D:10:     layout_irregular_city, erik_orc_2, gammafunk_ghost_split,
          lemuel_flamethrower_1, uniq_erolcha, uniq_josephine, uniq_urug,
          uniq_snorg
Temple:   dpeg_five_rooms_temple
Abyss:5:  base: D:1, base: D:4, evilmike_abyss_exit_kraken,
          nicolae_abyss_rune_left_handed, evilmike_abyss_exit_13,
          spicy_abyss_rude_harpoons, hangedman_abyss_rune_flesh_and_stone,
          guppyfry_abyss_exit_glass_guarded, gammafunk_abyss_rune_reverse_zot,
          evilmike_abyss_exit_1, nicolae_abyss_rune_star_stuff

Skill      XL: |  1  2  3  4  5  6  7  8  9 10 11 |
---------------+----------------------------------+-----
Fighting       | 3 4 5 6 8 |  8.0
Ranged Weapons | 5 6 7 8 11 14 16 17 | 17.0
Armour         | 3 6 |  6.9
Invocations    | 2 5 |  5.7
Dodging        | 4 6 |  6.8
Stealth        | |  0.7

Action                   |  1- 3 |  4- 6 |  7- 9 | 10-12 || total
-------------------------+-------+-------+-------+-------++-------
Melee: Shortbow          |       |       |     1 |       ||     1
 Fire: Shortbow          |    96 |   141 |   562 |    47 ||   846
       Arbalest          |       |       |       |   402 ||   402
Invok: Finesse           |       |       |       |     2 ||     2
Evoke: Wand              |       |       |     2 |       ||     2
  Use: Potion            |       |       |     4 |     4 ||     8
       Scroll            |       |       |     9 |     8 ||    17
Armor: Leather armour    |     5 |       |       |       ||     5
       Scale mail        |       |    21 |       |       ||    21
       Ring mail         |       |    22 |   130 |   139 ||   291
Dodge: Dodged            |    17 |    57 |   147 |   238 ||   459
Block: Other             |     9 |    18 |    71 |    34 ||   132
       Reflection        |     2 |     1 |     2 |     1 ||     6
